 Dungeon Crawl Stone Soup version 0.32-a0-928-g1cae6b7ea0 (webtiles) character file.

Game seed: 2202969847194872181

6270 Autsider the Fighter (level 10, -9/102 HPs)
             Began as a Naga Alchemist on Apr 12, 2024.
             Shot with an arrow by a centaur warrior (19 damage)
             ... on level 8 of the Dungeon.
             The game lasted 00:28:11 (11309 turns).

Autsider the Fighter (Naga Alchemist)              Turns: 11309, Time: 00:28:12

Health: -9/102     AC:  8    Str: 10    XL:     10   Next: 94%
Magic:  4/26       EV:  9    Int: 20    God:
Gold:   320        SH:  4    Dex: 12    Spells: 9/18 levels left

rFire   . . .        J - +3 dagger (venom)
rCold   . . .        c - +0 buckler
rNeg    . . .        S - +1 steam dragon scales
rPois   +            (no helmet)
rElec   .            g - +0 cloak
rCorr   .            (no gloves)
SInv    +            (no barding)
Will    +....        (no amulet)
Stlth   +++          H - +4 ring of slaying
HPRegen 0.37/turn    Q - ring of magical power
MPRegen 0.20/turn

%: no passive effects
@: very slow
A: AC +3, large, see invisible, deformed body, poison resistance, slowness 2,
spit poison 1, naga tail 1
a: Spit Poison


You were on level 8 of the Dungeon.
You visited 2 branches of the dungeon, and saw 10 of its levels.
You also visited: Sewer and Ossuary.

You collected 320 gold pieces.

Inventory:

Hand Weapons
 i - a +2 dagger of holy wrath
 y - a +2 heavy morningstar
 z - a +1 mace of protection
 J - a +3 dagger of venom (weapon)
 L - a +0 orcbow
Missiles
 B - 5 curare-tipped darts
Armour
 c - a +0 buckler (worn)
 g - a +0 cloak (worn)
 q - a +0 leather armour
 N - a +1 scale mail of willpower
 O - the +0 scale mail of Tumevinu {Dex+4}
   (You found it on level 6 of the Dungeon)

   Dex+4:     It affects your dexterity (+4).
 P - the +0 scale mail of Optimism {rElec rCorr Int-4 Slay+2}
   (You found it on level 6 of the Dungeon)

   Int-4:     It affects your intelligence (-4).
   Slay+2:    It affects your accuracy & damage with ranged weapons and melee
   (+2).
   rElec:     It insulates you from electricity.
   rCorr:     It protects you from acid and corrosion.
 S - +1 steam dragon scales (worn)
Jewellery
 x - a ring of wizardry
 H - a +4 ring of slaying (left hand)
 Q - a ring of magical power (right hand)
Wands
 v - a wand of flame (47)
 I - a wand of acid (10)
 M - a wand of warping (7)
 U - a wand of polymorph (4)
Scrolls
 a - 2 scrolls of identify {@r1}
 f - a scroll of butterflies
 k - 2 scrolls of blinking
 l - 2 scrolls of fog
 o - 2 scrolls of immolation
 r - a scroll of vulnerability
 w - 2 scrolls of revelation
 C - a scroll of fear {unknown}
 D - 2 scrolls of teleportation {@r2}
 E - a scroll of enchant armour {unknown}
 R - a scroll of noise {unknown}
Potions
 b - 4 potions of magic
 d - 6 potions of enlightenment
 e - 9 potions of curing {@q1}
 h - 2 potions of brilliance
 j - a potion of degeneration {unknown}
 n - 2 potions of heal wounds {unknown}
 s - 2 potions of haste
 t - a potion of cancellation {unknown}
 A - a potion of might {unknown}
 F - a potion of lignification {unknown}
 G - 2 potions of invisibility {unknown}
 K - 2 potions of attraction {unknown}


   Skills:
 - Level 10.0 Fighting
 + Level 3.8 Armour
 + Level 4.2 Dodging
 - Level 5.0 Stealth
 + Level 4.1 Shields
 + Level 4.7 Spellcasting
 - Level 1.0 Conjurations
 - Level 4.0 Fire Magic
 - Level 9.0 Alchemy


You had 9 spell levels left.
You knew the following spells:

 Your Spells              Type           Power      Damage    Failure   Level
a - Sting                 Conj/Alch      96%        1d9       2%          1
b - Olgreb's Toxic Radia  Alch           40%        N/A       4%          4
c - Sticky Flame          Fire/Alch      30%        2d7       12%         4

Your spell library contained the following spells:

 Spells                   Type           Power      Damage    Failure   Level
 Mercury Vapours          Alch/Air       44%        N/A       4%          2
 Mephitic Cloud           Conj/Alch/Air  18%        N/A       13%         3
 Call Canine Familiar     Summ           4%         N/A       45%         3
 Sigil of Binding         Hex            4%         N/A       45%         3
 Dimensional Bullseye     Hex/Tloc       2%         N/A       86%         4


Dungeon Overview and Level Annotations

Branches:
Dungeon (9/15)             Temple (1/1) D:4            Lair (0/5) D:8
  Sewer (visited)         Ossuary (visited)
    Orc: D:9-12

Altars:
Ashenzari
Elyvilon
Gozag
Hepliaklqana
Kikubaaqudgha
Nemelex Xobeh
Sif Muna
Trog
Uskayaw
Wu Jian
Xom
Yredelemnul
Zin


Innate Abilities, Weirdness & Mutations

Your serpentine skin is tough. (AC +3)
You have supernaturally acute eyesight. (SInv)
Armour fits poorly on your strangely shaped body.
Your system is resistant to poisons. (rPois)
You cover ground very slowly.
You can spit poison.
You have a snake-like lower body.


Message History

Casting: Sting (safe; 2% risk of failure)
Confirm with . or Enter, or press ? or * to list all spells.
You don't have enough magic to cast this spell.
You hit Maurice.
You kill Maurice!
Your Shields skill increases to level 4!
Casting: Sting (safe; 2% risk of failure)
Confirm with . or Enter, or press ? or * to list all spells.
Aiming: Sting (safe; 2% risk of failure)
Press: ? - help, Shift-Dir - straight line, f - gnoll
Aim: a gnoll, wielding a +0 club (79% to hit)
The sting hits the gnoll.
The gnoll is poisoned.
The gnoll is moderately wounded.
You hit the gnoll.
The gnoll looks even sicker.
The gnoll is severely wounded.
The gnoll hits you with a +0 club.
You barely miss the gnoll.
The gnoll is severely wounded.
A centaur warrior comes into view.
The gnoll hits you but does no damage.
You puncture the gnoll!
You kill the gnoll!
The centaur warrior wields a +0 orcbow.
The centaur warrior shoots an arrow.
The arrow hits you!
The centaur warrior shoots an arrow.
The arrow hits you!
* * * LOW HITPOINT WARNING * * *
The centaur warrior shoots an arrow.
The arrow barely misses you.
The centaur warrior shoots an arrow.
The arrow misses you.
The centaur warrior shoots an arrow.
The arrow hits you but does no damage.
The centaur warrior shoots an arrow.
The arrow hits you!
* * * LOW HITPOINT WARNING * * *
The centaur warrior shoots an arrow.
The arrow hits you!
* * * LOW HITPOINT WARNING * * *
The centaur warrior shoots an arrow.
The arrow hits you!!
* * * LOW HITPOINT WARNING * * *
The centaur warrior shoots an arrow.
The arrow hits you!
* * * LOW HITPOINT WARNING * * *
The centaur warrior shoots an arrow.
You block the arrow.
The centaur warrior shoots an arrow.
The arrow hits you!!
You die...

.....#.................##
.....#...#.............)#
.###....................#
.. #.................#..#
.. #.......##.....##.##
........))....####
################.)###
.......#.......#..#
.#.#.#.#.#.#.#.#@.#
.........).c.....##
###'############.##
..........##......#
.#...#.##.........##
#####.#...........#
#............##
##.#..........#
####........##


You could see a centaur warrior.

Vanquished Creatures
  A tengu warrior (D:8)
  An ugly thing (D:8)
  Maurice (D:8)
  Maggie (D:8)
  4 yaks (D:8)
  A wyvern (D:8)
  A basilisk (D:8)
  Edmund (D:6)
  A water moccasin (D:7)
  Duvessa (D:6)
  An orc warrior (D:6)
  A black bear (D:8)
  A centaur (D:8)
  6 ogres
  4 kobold brigands
  2 elf zombies (Ossuary)
  3 bullfrogs (D:7)
  5 scorpions
  5 wights
  Dowan (D:6)
  A bombardier beetle (D:6)
  3 centaur zombies (Ossuary)
  5 orc priests
  3 hounds
  5 jellies
  Crazy Yiuf (D:3)
  A gnoll bouda (D:8)
  5 human zombies (Ossuary)
  A sleepcap (D:8)
  6 iguanas
  Ijyb (D:5)
  8 orc wizards
  A crocodile zombie (Ossuary)
  3 mummies (Ossuary)
  6 gnolls
  5 adders
  3 river rats
  2 shadow imps (D:7)
  A white imp (D:7)
  4 ufetubi
  2 ribbon worms (D:3)
  27 orcs
  6 ball pythons
  3 endoplasms
  2 giant cockroaches
  9 goblins
  6 hobgoblins
  4 jackals
  26 kobolds
  A quokka (D:2)
  7 bats
  2 frilled lizards
  8 rats
210 creatures vanquished.

Vanquished Creatures (others)
  A gnoll (D:8)
1 creature vanquished.

Grand Total: 211 creatures vanquished

Notes
Turn   | Place    | Note
-------+----------+-------------------------------------------
     0 | D:1      | Autsider the Naga Alchemist began the quest for the Orb.
     0 | D:1      | Reached XP level 1. HP: 15/15 MP: 3/3
   231 | D:1      | Reached XP level 2. HP: 24/24 MP: 0/5
   346 | D:1      | Found a faded altar of an unknown god.
   963 | D:1      | Reached skill level 1 in Fighting
  1011 | D:1      | Reached XP level 3. HP: 27/31 MP: 3/6
  1447 | D:2      | Reached XP level 4. HP: 16/38 MP: 1/7
  1541 | D:2      | Reached skill level 5 in Alchemy
  1823 | D:2      | Learned a level 4 spell: Olgreb's Toxic Radiance
  2226 | D:3      | Found a glowing drain.
  2277 | Sewer    | Entered a sewer
  2476 | Sewer    | Noticed a kobold brigand
  2485 | Sewer    | Killed a kobold brigand
  2486 | Sewer    | Reached skill level 2 in Fighting
  2486 | Sewer    | Reached skill level 5 in Stealth
  2486 | Sewer    | Reached XP level 5. HP: 43/45 MP: 4/8
  2599 | Sewer    | Found a white marble altar of Elyvilon.
  3327 | D:3      | Reached XP level 6. HP: 53/55 MP: 0/9
  3542 | D:3      | Found a runed translucent door.
  3543 | D:3      | Noticed Crazy Yiuf
  3552 | D:3      | Killed Crazy Yiuf
  3937 | D:4      | Reached skill level 3 in Fighting
  4186 | D:4      | Reached skill level 1 in Fire Magic
  4186 | D:4      | Reached XP level 7. HP: 62/62 MP: 2/10
  4392 | D:4      | Found a staircase to the Ecumenical Temple.
  4405 | Temple   | Entered the Ecumenical Temple
  4722 | D:5      | Entered Level 5 of the Dungeon
  4722 | D:5      | Found a sand-covered staircase.
  4731 | Ossuary  | Entered an ossuary
  5147 | Ossuary  | Reached skill level 4 in Fighting
  5459 | Ossuary  | Reached XP level 8. HP: 68/72 MP: 11/11
  5477 | Ossuary  | Learned a level 4 spell: Sticky Flame
  5798 | D:5      | Noticed Ijyb
  5806 | D:5      | Killed Ijyb
  5893 | D:5      | Reached skill level 5 in Fighting
  6219 | D:5      | Reached skill level 6 in Fighting
  7057 | D:6      | Reached skill level 7 in Fighting
  7057 | D:6      | Reached XP level 9. HP: 86/86 MP: 7/12
  7384 | D:6      | Reached skill level 8 in Fighting
  7431 | D:6      | Noticed Edmund
  7438 | D:6      | Killed Edmund
  7809 | D:6      | Identified the +0 scale mail of Optimism {rElec rCorr Int-4
                  | Slay+2}
  8245 | D:6      | Noticed Duvessa
  8246 | D:6      | Noticed Dowan
  8254 | D:6      | Killed Duvessa
  8255 | D:6      | Reached skill level 9 in Fighting
  8257 | D:6      | Killed Dowan
  8325 | D:6      | Identified the +0 scale mail of Tumevinu {Dex+4}
  8736 | D:7      | Reached skill level 1 in Shields
  8737 | D:7      | Reached skill level 1 in Armour
  8919 | D:7      | Found a white marble altar of Elyvilon.
  9837 | D:8      | Reached XP level 10. HP: 99/99 MP: 1/14
 10281 | D:8      | Noticed Maggie
 10344 | D:8      | Killed Maggie
 10730 | D:8      | Found an opulent altar of Gozag.
 10730 | D:8      | Found a sparkling altar of Nemelex Xobeh.
 10771 | D:8      | Found a staircase to the Lair.
 10985 | D:8      | Noticed a tengu warrior
 10985 | D:8      | Noticed Maurice
 10997 | D:8      | Killed a tengu warrior
 11055 | D:8      | Noticed a brown ugly thing
 11062 | D:8      | Killed a brown ugly thing
 11063 | D:8      | Reached skill level 10 in Fighting
 11288 | D:8      | Maurice stole a +2 heavy flail
 11292 | D:8      | Maurice stole a ring of fire
 11296 | D:8      | Maurice stole a +0 kite shield
 11297 | D:8      | Killed Maurice
 11300 | D:8      | Noticed a centaur warrior
 11309 | D:8      | Shot with an arrow by a centaur warrior

Illustrated notes

Levels and vault maps discovered:
D:1:      matt_arrival_los_fun, layout_loops_corners,
          ebering_ecumenical_altar_petrified
D:2:      layout_basic
D:3:      layout_basic, portal_sewer_entry_b, uniq_crazy_yiuf_cottage
D:4:      layout_basic, minmay_temple_entry_sparse_star, item_on_display_a
D:5:      layout_loops_ring, lightli_ossuary_entry_decrepit_ruins,
          dk_noncrumbling_2, uniq_ijyb
D:6:      layout_loops_ring, dreamdust_mushroom_princess,
          roderic_serpentine_path, uniq_duvessa, uniq_edmund
D:7:      layout_cave_pods, elyvilon_altar_3
D:8:      layout_cave_pools, grunt_temple_overflow_opulence,
          mainiacjoe_overflow_alcove_1, chequers_temple_overflow_minitemple,
          david_lair_generic, hangedman_minor_gate_pass, uniq_maurice,
          uniq_maggie
D:9:      layout_loops_ring, minmay_overflow_temple_star_quad,
          nicolae_island_escapes
Temple:   hellmonk_temple_micro_hex

Skill      XL: |  1  2  3  4  5  6  7  8  9 10 |
---------------+-------------------------------+-----
Alchemy        | 4 5 6 7 8 9 |  9.0
Fighting       | 1 2 3 4 7 9 10 | 10.0
Stealth        | 4 5 |  5.0
Fire Magic     | 1 2 4 |  4.0
Shields        | 2 4 |  4.1
Armour         | 2 3 |  3.8
Dodging        | 2 4 |  4.2
Spellcasting   | 3 4 |  4.7
Conjurations   | |  1.0

Action                     |  1- 3 |  4- 6 |  7- 9 | 10-12 || total
---------------------------+-------+-------+-------+-------++-------
  Melee: Unarmed           |    12 |       |       |       ||    12
         Dagger            |     5 |    85 |    78 |    27 ||   195
         Mace              |       |       |   216 |     2 ||   218
   Cast: Sting             |    55 |    62 |    36 |    14 ||   167
         Olgreb's Toxic Ra |       |     6 |    46 |    13 ||    65
         Sticky Flame      |       |       |     7 |    22 ||    29
Ability: Spit Poison       |     2 |     2 |     2 |     2 ||     8
    Use: Scroll            |       |     6 |     5 |     1 ||    12
   Stab: Sleeping          |     1 |     2 |     3 |     1 ||     7
 Armour: Robe              |    28 |    82 |   269 |    28 ||   407
         Steam dragon scal |       |       |       |    72 ||    72
  Dodge: Dodged            |    17 |    53 |   116 |    24 ||   210
  Block: Buckler           |       |       |    37 |    16 ||    53

Table legend: (Time is in decaauts)
 A = Elapsed time spent in this place.
 B = Non-inter-level travel time spent in this place.
 C = Inter-level travel time spent in this place.
 D = Time resting spent in this place.
 E = Time spent auto-exploring this place.
 F = Levels seen in this place.
 G = Mean time per level.
                   A        B        C        D        E       F      G
               +--------+--------+--------+--------+--------+-----+--------+
         Total |  13552 |  12917 |    635 |   1244 |   9694 |  12 | 1129.3 |
       Dungeon |  12105 |  11470 |    635 |    675 |   9360 |   9 | 1345.0 |
        Temple |      1 |      1 |      0 |      0 |      0 |   1 |    1.0 |
         Sewer |    416 |    416 |      0 |     86 |    249 |   1 |  416.0 |
       Ossuary |   1029 |   1029 |      0 |    483 |     85 |   1 | 1029.0 |
               +--------+--------+--------+--------+--------+-----+--------+

Top non-repeatable levels by time:
     D:6: 1948 daAuts
     D:1: 1692 daAuts
     D:3: 1628 daAuts
     D:5: 1599 daAuts
     D:7: 1378 daAuts
     D:8: 1364 daAuts
     D:4: 1279 daAuts
 Ossuary: 1029 daAuts
     D:2: 841 daAuts
   Sewer: 416 daAuts
     D:9: 373 daAuts
  Temple: 1 daAuts
